 Dungeon Crawl Stone Soup version 0.24-a0-521-g122614b (webtiles) character file.

Game seed: 3059761078192863120

304 Spazmo the Magician (level 6, -3/32 HPs)
             Began as a Deep Elf Fire Elementalist on July 29, 2019.
             Slain by Duvessa
             ... wielding a +0 rapier
              (10 damage)
             ... on level 4 of the Dungeon.
             The game lasted 00:08:20 (2395 turns).

Spazmo the Magician (Deep Elf Fire Elementalist)    Turns: 2395, Time: 00:08:21

Health: -3/32      AC:  2    Str:  5    XL:     6   Next: 15%
Magic:  8/16       EV: 13    Int: 22    God:
Gold:   104        SH:  0    Dex: 15    Spells: 13/16 levels left

rFire    . . .     SeeInvis +   f - +1 dagger
rCold    . . .     Gourm    .   (no shield)
rNeg     . . .     Faith    .   a - +0 robe
rPois    .         Spirit   .   (no helmet)
rElec    .         Reflect  .   (no cloak)
rCorr    .         Harm     .   (no gloves)
MR       +....                  (no boots)
Stlth    ++........             b - amulet of regeneration
HPRegen  0.50/turn              h - ring of protection from magic
MPRegen  0.15/turn              k - ring of see invisible

@: no status effects
A: no striking features
a: no special abilities


You were on level 4 of the Dungeon.
You were not hungry.

You visited 1 branch of the dungeon, and saw 4 of its levels.
You also visited: Sewer.

You collected 104 gold pieces.

Inventory:

Hand Weapons
 f - a +1 dagger (weapon)
Missiles
 e - 139 stones (quivered)
Armour
 a - a +0 robe (worn)
Jewellery
 b - an amulet of regeneration (around neck)
 d - an uncursed ring of protection from fire
 g - a +3 amulet of reflection
 h - a ring of protection from magic (left hand)
 j - an uncursed ring of flight
 k - a ring of see invisible (right hand)
Scrolls
 p - 2 scrolls of identify
 s - a scroll of blinking
Potions
 l - a potion of haste
 m - a potion of ambrosia {unknown}
 n - a potion of lignification {unknown}
 q - a potion of flight {unknown}
 t - a potion of heal wounds
 u - a potion of degeneration {unknown}
 v - a potion of curing
Comestibles
 c - 5 rations
 o - 6 chunks of flesh


   Skills:
 - Level 2.4 Dodging
 - Level 2.4 Stealth
 + Level 5.5 Spellcasting
 + Level 4.0 Conjurations
 + Level 5.1 Fire Magic


You had 13 spell levels left.
You knew the following spells:

 Your Spells              Type           Power        Failure   Level  Hunger
a - Flame Tongue          Conj/Fire      ####.        1%          1    None
b - Throw Flame           Conj/Fire      ####..       2%          2    None

Your spell library contained the following spells:

 Spells                   Type           Power        Failure   Level  Hunger
 Conjure Flame            Conj/Fire      ####....     4%          3    ##.....
 Inner Flame              Hex/Fire       ###.....     10%         3    ##.....
 Sticky Flame             Conj/Fire      ####....     14%         4    ####...
 Fireball                 Conj/Fire      ####......   38%         5    #####..


Dungeon Overview and Level Annotations

Branches:
Dungeon (4/15)
 Temple: D:4-7

Altars:

Annotations:
D:4 Dowan, Duvessa


Message History

Casting: Flame Tongue (safe; 1% risk of failure)
Confirm with . or Enter, or press ? or * to list all spells.
Aiming: Flame Tongue (safe; 1% risk of failure)
Press: ? - help, Shift-Dir - straight line, f/p - Duvessa
Aim: Duvessa, wielding a +0 rapier and wearing a cursed +0 ring mail (heavily wounded)
The flame tongue hits Duvessa!
Duvessa is severely wounded.
Duvessa hits you with a +0 rapier!
* * * LOW HITPOINT WARNING * * *
Dowan casts a spell at you. You resist with almost no effort.
Casting: Flame Tongue (safe; 1% risk of failure)
Confirm with . or Enter, or press ? or * to list all spells.
Aiming: Flame Tongue (safe; 1% risk of failure)
Press: ? - help, Shift-Dir - straight line, f/p - Duvessa
Aim: Duvessa, wielding a +0 rapier and wearing a cursed +0 ring mail (severely wounded)
The flame tongue hits Duvessa!
Duvessa is almost dead.
Duvessa hits you with a +0 rapier!
You die...

.## ###......##
##......... ..##
#..........# ##........
...# ##..........##
##........ #..##
#.........>..###.........
#...##
#............#...........
##...#
#................##......
##..## #..............###
#.....
#...###........e....†#
....#
##...##.......@e.....##
#..##
##..#................#
### #...................#
##..............)...#
##...........÷.>...#
#....###.........##
##.### ########### ###


You could see Duvessa and Dowan.

Vanquished Creatures
  A crocodile (Sewer)
  2 orc priests (D:3)
  An orc wizard (D:3)
  3 gnolls (D:2)
  5 adders
  2 worms (D:2)
  2 dart slugs
  3 orcs (D:3)
  4 giant cockroaches
  6 goblins
  4 hobgoblins
  4 jackals
  9 kobolds
  A quokka (D:4)
  5 ball pythons
  5 bats
  4 frilled lizards
  9 rats
70 creatures vanquished.

Notes
Turn   | Place    | Note
-------+----------+-------------------------------------------
     0 | D:1      | Spazmo the Deep Elf Fire Elementalist began the quest for
                  | the Orb.
     0 | D:1      | Reached XP level 1. HP: 10/10 MP: 6/6
   170 | D:1      | Reached XP level 2. HP: 15/15 MP: 4/8
   176 | D:1      | Learned a level 2 spell: Throw Flame
   776 | D:2      | Reached XP level 3. HP: 19/19 MP: 7/10
   983 | D:2      | Reached XP level 4. HP: 24/24 MP: 7/12
  1352 | D:3      | Found a glowing drain.
  1369 | D:3      | Reached XP level 5. HP: 28/28 MP: 7/14
  1489 | Sewer    | Entered a sewer
  1564 | Sewer    | Noticed a crocodile
  1568 | Sewer    | Killed a crocodile
  1568 | Sewer    | Reached skill level 5 in Spellcasting
  2173 | D:3      | Reached skill level 5 in Fire Magic
  2173 | D:3      | Reached XP level 6. HP: 32/32 MP: 9/16
  2257 | D:3      | Found a faded altar of an unknown god.
  2367 | D:4      | Noticed Duvessa
  2370 | D:4      | Noticed Dowan
  2395 | D:4      | Slain by Duvessa

Levels and vault maps discovered:
D:1:      ncdulo_wetmaze, layout_basic, hex_medium, grunt_decor_one_mirror,
          st_stairs_8, corner_web_ring, hangedman_abyss_or_decor_stabs
D:2:      layout_basic, minmay_liquid_box, serial_park_tiny_pond
D:3:      layout_basic, gup_sewer_entry_glass, chequers_ecumenical_altar_lobes
D:4:      layout_cave_pods, uniq_duvessa

Skill      XL: |  1  2  3  4  5  6 |
---------------+-------------------+-----
Conjurations   | 2 3 4 |  4.0
Spellcasting   | 4 5 |  5.5
Fire Magic     | 4 5 |  5.1
Dodging        | |  2.4
Stealth        | |  2.4

Action                   |  1- 3 |  4- 6 || total
-------------------------+-------+-------++-------
Melee: Dagger            |     4 |    11 ||    15
 Cast: Flame Tongue      |    54 |    77 ||   131
       Throw Flame       |     1 |     5 ||     6
  Use: Scroll            |     3 |     6 ||     9
       Potion            |       |     1 ||     1
  Eat: Chunk             |       |     4 ||     4
Armor: Robe              |     5 |     4 ||     9
Dodge: Dodged            |    14 |    34 ||    48

Table legend:
 A = Non-vault XP
 B = Vault XP
 C = Vault XP percentage of total XP
 D = Non-vault monster count
 E = Vault monster count
 F = Vault count percentage of total count
                 A         B        C        D         E       F
            +---------+---------+-------+---------+---------+-------
      Total |     281 |     154 |  35.4 |      59 |      11 |  15.7
            +---------+---------+-------+---------+---------+-------
        D:1 |      24 |       2 |   7.7 |      15 |       1 |   6.2
        D:2 |     107 |       0 |   0.0 |      24 |       0 |   0.0
        D:3 |     144 |      42 |  22.6 |      17 |       4 |  19.0
        D:4 |       6 |       0 |   0.0 |       3 |       0 |   0.0
      Sewer |       0 |     110 | 100.0 |       0 |       6 | 100.0
            +---------+---------+-------+---------+---------+-------
